 Dungeon Crawl Stone Soup version 0.30-a0-883-g5ad918d77d (webtiles) character file.

Game seed: 3859515086586113878

22729 bande the Cleaver (level 13, 0/81 HPs)
             Began as a Gargoyle Fighter on Mar 18, 2023.
             Slain by a 12-headed hydra (1 damage)
             ... on level 11 of the Dungeon.
             The game lasted 00:19:29 (8919 turns).

bande the Cleaver (Gargoyle Fighter)                Turns: 8919, Time: 00:19:29

Health: 0/81       AC: 29    Str: 21    XL:     13   Next: 2%
Magic:  13/13      EV: 16    Int: 14    God:
Gold:   1395       SH: 12    Dex: 13    Spells: 12/12 levels left

rFire   + . .      SeeInvis .    J - +4 mace
rCold   + . .      Faith    .    c - +1 buckler
rNeg    + . .      Spirit   .    K - +2 plate armour {rC+}
rPois   ∞          Reflect  +    (no helmet)
rElec   +          Rampage  .    (no cloak)
rCorr   .                        (no gloves)
Will    .....                    L - +2 pair of boots Stlth
                                 s - amulet of reflection
HPRegen 0.33/turn                I - ring of Koppi {+Blink EV+5 Int+3}
MPRegen 0.13/turn                t - ring of Linearity {rF+ EV+5 Str+2}

@: mighty
A: sickness immunity, AC +9, negative energy resistance 1, electricity
resistance, torment resistance 1, petrification resistance, claws 1
a: Evoke Blink


You were on level 11 of the Dungeon.
You visited 2 branches of the dungeon, and saw 12 of its levels.
You also visited: Ossuary and Bailey.

You collected 1395 gold pieces.

Inventory:

Hand Weapons
 a - a +1 spectral war axe
 j - a +0 war axe
 J - a +4 mace (weapon)
Armour
 c - a +1 buckler (worn)
 K - a +2 plate armour of cold resistance (worn)
 L - a +2 pair of boots (worn)
Jewellery
 g - a +6 ring of strength
 l - a ring of wizardry
 n - a ring of protection from fire
 s - an amulet of reflection (around neck)
 t - the ring of Linearity (right claw) {rF+ EV+5 Str+2}
   (You acquired it on level 5 of the Dungeon)

   [ring of evasion]

   EV:        It affects your evasion (+5).
   Str:       It affects your strength (+2).
   rF:        It protects you from fire.
 v - a ring of protection from fire
 G - a +6 ring of dexterity
 I - the ring of Koppi (left claw) {+Blink EV+5 Int+3}
   (You acquired it on level 8 of the Dungeon)

   [ring of evasion]

   EV:        It affects your evasion (+5).
   Int:       It affects your intelligence (+3).
   +Blink:    It lets you blink.
Wands
 k - a wand of flame (36)
 y - a wand of charming (10)
 B - a wand of digging (1)
 H - a wand of acid (11)
 M - a wand of iceblast (2)
Scrolls
 f - 2 scrolls of poison
 i - 6 scrolls of teleportation
 m - a scroll of fog
 p - a scroll of enchant weapon
 r - 5 scrolls of identify
 w - 2 scrolls of magic mapping
 z - a scroll of butterflies
 A - 2 scrolls of silence
 C - a scroll of enchant armour
 E - 3 scrolls of blinking
Potions
 d - 4 potions of might
 e - a potion of invisibility
 h - a potion of flight
 o - 2 potions of haste
 q - 2 potions of heal wounds
 u - 2 potions of brilliance
 x - 6 potions of curing
 D - a potion of resistance
 F - a potion of cancellation {unknown}
 N - a potion of mutation
Miscellaneous
 b - a phial of floods


   Skills:
 + Level 9.7 Fighting
 + Level 11.4 Axes
 + Level 9.7 Armour
 - Level 0.1 Dodging
 + Level 10.1 Shields
 * Level 9.8 Evocations


You had 12 spell levels left.
You didn't know any spells.
Your spell library contained the following spells:

 Spells                   Type           Power      Damage    Failure   Level
 Freeze                   Ice            0%         1d3       99%         1
 Summon Small Mammal      Summ           0%         N/A       99%         1
 Call Canine Familiar     Summ           0%         N/A       100%        3
 Frozen Ramparts          Ice            0%         1d1       100%        3
 Hailstorm                Conj/Ice       0%         3d3       100%        3
 Portal Projectile        Hex/Tloc       0%         N/A       100%        3
 Stone Arrow              Conj/Erth      0%         3d7       100%        3
 Summon Guardian Golem    Hex/Summ       0%         N/A       100%        3
 Animate Armour           Summ/Erth      0%         N/A       100%        4
 Leda's Liquefaction      Hex/Erth       0%         N/A       100%        4
 Lee's Rapid Deconstruct  Erth           0%         3d4*      100%        5
 Orb of Destruction       Conj           0%         9d5       100%        7
 Spellforged Servitor     Conj/Summ      0%         N/A       100%        7
 Lehudib's Crystal Spear  Conj/Erth      0%         10d2      100%        8
 Statue Form              Tmut/Erth      Unusable   N/A       N/A         6

Dungeon Overview and Level Annotations

Branches:
Dungeon (11/15)            Temple (1/1) D:5            Lair (0/5) D:8
    Orc (0/2) D:9         Ossuary (visited)          Bailey (visited)

Altars:
Ashenzari
Cheibriados
Dithmenos
Elyvilon
Fedhas
Gozag
Hepliaklqana
Makhleb
Nemelex Xobeh
Qazlal
Trog
Uskayaw
Wu Jian
Yredelemnul
Zin
The Shining One

Shops:
D:3 =   D:6 [:

Annotations:
D:11 Demosthentine's ghost, journeyman DsGl


Innate Abilities, Weirdness & Mutations

You are immune to sickness and miasma.
Your stone body is resilient. (AC +9)
You are immune to poison.
You resist negative energy. (rN+)
You are resistant to electric shocks. (rElec)
You are resistant to unholy torment.
You are immune to petrification.
You have sharp fingernails.


Message History

You block the 12-headed hydra's attack. The 12-headed hydra closely misses you.
The 12-headed hydra bites you but does no damage.
The 12-headed hydra closely misses you.
The 12-headed hydra bites you but does no damage.
You block the 12-headed hydra's attack.
The 12-headed hydra bites you but does no damage. x3
The 12-headed hydra bites you! You block the 12-headed hydra's attack.
The 12-headed hydra barely misses you. Demosthentine's ghost hits you!
Demosthentine's ghost freezes you. The 12-headed hydra closely misses you.
The 12-headed hydra completely misses you.
You block the 12-headed hydra's attack. The 12-headed hydra misses you.
The 12-headed hydra bites you!
The 12-headed hydra closely misses you. x2
The 12-headed hydra barely misses you. The 12-headed hydra closely misses you.
The 12-headed hydra bites you but does no damage.
The 12-headed hydra barely misses you.
The 12-headed hydra bites you but does no damage.
You barely miss the 12-headed hydra.
The 12-headed hydra is lightly wounded.
You block Demosthentine's ghost's attack.
The 12-headed hydra bites you. The 12-headed hydra misses you.
The 12-headed hydra bites you. You block the 12-headed hydra's attack.
The 12-headed hydra bites you but does no damage. x3
You block the 12-headed hydra's attack. The 12-headed hydra bites you!
* * * LOW HITPOINT WARNING * * *
The 12-headed hydra misses you. You block the 12-headed hydra's attack.
The 12-headed hydra completely misses you.
Demosthentine's ghost barely misses you.
You bludgeon the 12-headed hydra!!
The 12-headed hydra is moderately wounded.
You block the 12-headed hydra's attack. The 12-headed hydra bites you.
* * * LOW HITPOINT WARNING * * *
The 12-headed hydra bites you!
* * * LOW HITPOINT WARNING * * *
The 12-headed hydra bites you but does no damage.
The 12-headed hydra closely misses you. You block the 12-headed hydra's attack.
The 12-headed hydra bites you but does no damage.
The 12-headed hydra bites you.
* * * LOW HITPOINT WARNING * * *
The 12-headed hydra bites you.
You die...

####### #.#....#.............#
......# #.#....#.............#
......####.#....'.............#
...........#....#...#######...###
...........######...#.....#......
....................#.....#......
....................#.....#......
...)................#.....'....>.
................@...#.....'......
........##'###'WD##.#+#+###..####
........#..##.....##.........#...
........#..#.$....♣#..########.#'
..####'##..#.).)...#..#........#.
..#........#♣.....♣####.......##.
..#....######~....##..........#..
..###..#...###.~!##....#'####.#..
....#..#...#.#######...#....#.#..


You could see a 12-headed hydra and Demosthentine's ghost.

Vanquished Creatures
  3 two-headed ogres
  2 boulder beetles
  2 ugly things
  3 cyclopes (D:11)
  An unseen horror (D:11)
  A tengu conjurer (D:8)
  Prince Ribbit (D:9)
  26 yaks
  Menkaure (D:5)
  2 acid dragons
  2 water moccasins
  4 orc warriors
  5 black bears
  An ogre (D:4)
  8 kobold brigands
  3 bullfrogs
  4 scorpions
  6 wights (D:9)
  10 killer bees (D:11)
  2 howler monkeys (D:8)
  A hound (D:3)
  2 jellies (D:4)
  2 orc priests
  3 gnoll boudas
  A sleepcap (D:4)
  Natasha (thrice) (D:3)
  4 iguanas
  9 orc wizards
  13 mummies (Ossuary)
  12 gnolls
  6 adders
  2 shadow imps
  An ufetubus (D:4)
  A worm (D:2)
  A dart slug (D:4)
  26 orcs
  7 bats
  5 endoplasms
  A giant cockroach (D:2)
  9 goblins
  7 hobgoblins
  11 jackals
  25 kobolds
  8 quokkas
  7 ball pythons
  2 frilled lizards
  5 gnoll skeletons (Ossuary)
  A goblin skeleton (Ossuary)
  A kobold skeleton (Ossuary)
  An orc skeleton (Ossuary)
  9 rats
  11 rat skeletons (Ossuary)
284 creatures vanquished.

Vanquished Creatures (others)
  A kobold brigand (D:7)
  59 fungi (D:8)
  43 plants
103 creatures vanquished.

Grand Total: 387 creatures vanquished

Notes
Turn   | Place    | Note
-------+----------+-------------------------------------------
     0 | D:1      | bande the Gargoyle Fighter began the quest for the Orb.
     0 | D:1      | Reached XP level 1. HP: 14/14 MP: 1/1
   138 | D:1      | Reached XP level 2. HP: 19/19 MP: 2/2
   310 | D:1      | Reached XP level 3. HP: 24/24 MP: 3/3
   379 | D:1      | Reached skill level 2 in Axes
   404 | D:1      | Found a glowing silver altar of Zin.
  1031 | D:2      | Reached XP level 4. HP: 27/29 MP: 4/4
  1302 | D:3      | Found a faded altar of an unknown god.
  1384 | D:3      | Found a broken altar of Ashenzari.
  1407 | D:3      | Reached skill level 3 in Axes
  1480 | D:3      | Noticed Natasha
  1484 | D:3      | Found Jimosix's Jewellery Boutique.
  1487 | D:3      | Killed Natasha
  1488 | D:3      | Reached XP level 5. HP: 29/33 MP: 5/5
  1793 | D:3      | Noticed Natasha
  1805 | D:3      | Killed Natasha
  1896 | D:3      | Found a glowing drain.
  1957 | D:3      | Noticed Natasha
  1966 | D:3      | Killed Natasha
  2324 | D:4      | Noticed an ogre
  2330 | D:4      | Killed an ogre
  2331 | D:4      | Reached skill level 4 in Axes
  2331 | D:4      | Reached XP level 6. HP: 10/39 MP: 6/6
  2680 | D:4      | Reached skill level 1 in Evocations
  3113 | D:5      | Entered Level 5 of the Dungeon
  3165 | D:5      | Reached XP level 7. HP: 44/44 MP: 7/7
  3216 | D:5      | Found a sand-covered staircase.
  3219 | D:5      | Noticed Menkaure
  3227 | Ossuary  | Entered an ossuary
  3702 | Ossuary  | Reached skill level 5 in Axes
  3741 | D:5      | Killed Menkaure
  3743 | D:5      | Identified a scroll of acquirement
  3743 | D:5      | Acquired the ring of Linearity {rF+ EV+5 Str+2}
  3800 | D:5      | Found a staircase to the Ecumenical Temple.
  3837 | Temple   | Entered the Ecumenical Temple
  4108 | D:5      | Gained mutation: You are frail. (-10% HP) [potion of
                  | mutation]
  4108 | D:5      | Gained mutation: You have a pair of small antennae on your
                  | head. [potion of mutation]
  4109 | D:5      | Lost mutation: You are frail. (-10% HP) [potion of
                  | mutation]
  4109 | D:5      | Lost mutation: You have a pair of small antennae on your
                  | head. [potion of mutation]
  4109 | D:5      | Gained mutation: You have sharp fingernails. [potion of
                  | mutation]
  4432 | D:6      | Reached skill level 5 in Armour
  4432 | D:6      | Reached XP level 8. HP: 45/48 MP: 8/8
  4511 | D:6      | Reached skill level 5 in Fighting
  4696 | D:6      | Reached skill level 6 in Axes
  4739 | D:6      | Found Geskieji's Tremendous Tomes.
  4812 | D:6      | Found Kuoskuh's Armour Boutique.
  4974 | D:7      | Found a flagged portal.
  4986 | Bailey   | Entered a bailey
  5041 | Bailey   | Reached skill level 5 in Shields
  5297 | Bailey   | HP: 2/50 [orc warrior/+0 battleaxe (10)]
  5301 | Bailey   | Reached skill level 7 in Axes
  5301 | Bailey   | Reached XP level 9. HP: 22/54 MP: 9/9
  5533 | Bailey   | Found a burning altar of Makhleb.
  5755 | D:7      | Found a blossoming altar of Fedhas.
  5862 | D:7      | Reached skill level 8 in Axes
  6009 | D:7      | Reached skill level 9 in Axes
  6009 | D:7      | Reached XP level 10. HP: 64/64 MP: 10/10
  6010 | D:7      | Reached XP level 11. HP: 69/69 MP: 11/11
  6316 | D:8      | Reached skill level 10 in Axes
  6316 | D:8      | Reached XP level 12. HP: 75/75 MP: 12/12
  6393 | D:8      | Noticed a two-headed ogre
  6396 | D:8      | Noticed a boulder beetle
  6404 | D:8      | Killed a two-headed ogre
  6418 | D:8      | Killed a boulder beetle
  6561 | D:8      | Identified the +1 robe of the Old and Reckless {rN+}
  6743 | D:8      | Found a staircase to the Lair.
  6763 | D:8      | Acquired the ring of Koppi {+Blink EV+5 Int+3}
  7186 | D:9      | Noticed Prince Ribbit
  7208 | D:9      | HP: 1/76 [acid dragon/splash of acid (28)]
  7211 | D:9      | Killed Prince Ribbit
  7531 | D:9      | Found a staircase to the Orcish Mines.
  7543 | D:10     | Entered Level 10 of the Dungeon
  7704 | D:9      | You fall into a shaft and drop 2 floors!
  7731 | D:11     | Noticed a boulder beetle
  7757 | D:11     | Killed a boulder beetle
  7760 | D:11     | Noticed a two-headed ogre
  7771 | D:11     | Killed a two-headed ogre
  7990 | D:11     | Reached skill level 11 in Axes
  8130 | D:11     | Noticed a 12-headed hydra
  8131 | D:11     | Found a runed translucent gate.
  8132 | D:11     | Found a runed translucent gate.
  8133 | D:11     | Found a runed translucent gate.
  8137 | D:11     | Noticed Demosthentine's ghost (journeyman DsGl)
  8173 | D:11     | Reached skill level 10 in Shields
  8647 | D:11     | Noticed a two-headed ogre
  8655 | D:11     | Killed a two-headed ogre
  8656 | D:11     | Reached XP level 13. HP: 78/81 MP: 13/13
  8919 | D:11     | HP: 3/81 [12-headed hydra (9)]
  8919 | D:11     | HP: 1/81 [12-headed hydra (2)]
  8919 | D:11     | Slain by a 12-headed hydra

Illustrated notes

Levels and vault maps discovered:
D:1:      dpeg_arrival_refuge, layout_basic, minmay_hexomino_r4
D:2:      layout_basic
D:3:      layout_rooms, mainiacjoe_overflow_catwalk,
          nicolae_ecumenical_oubliette, serial_shops, shop,
          portal_sewer_entry_e, uniq_natasha
D:4:      layout_basic
D:5:      layout_cave_pools, minmay_temple_entry_gardened_gates,
          lightli_ossuary_entry_decrepit_ruins, uniq_menkaure
D:6:      layout_cave_pools, serial_shops, kennysheep_little_box,
          nicolae_shop_i_like_big_books
D:7:      layout_basic, old_standard_altar, enter_bailey_3
D:8:      layout_basic, due_lair_maze_entry_diamond, minmay_diamond_spiral
D:9:      layout_basic, david_orc_5, uniq_harold, uniq_prince_ribbit1
D:10:     layout_long_grid, palyth_temple_overflow_mages, jmf_multi_god_temple,
          mainiacjoe_overflow_brackets, gammafunk_ghost_grave, uniq_urug
D:11:     layout_irregular_city, gammafunk_ghost_hydra_chop
Temple:   dpeg_chambers_temple

Skill      XL: |  1  2  3  4  5  6  7  8  9 10 11 12 |
---------------+-------------------------------------+-----
Axes           | 2 3 4 5 7 9 10 11 | 11.4
Armour         | 4 5 7 8 9 |  9.7
Fighting       | 4 5 8 9 |  9.7
Shields        | 4 5 7 8 10 | 10.1
Evocations     | 1 2 3 7 8 9 |  9.8
Dodging        | |  0.1

Action                     |  1- 3 |  4- 6 |  7- 9 | 10-12 | 13-15 || total
---------------------------+-------+-------+-------+-------+-------++-------
  Melee: War axe           |   115 |   115 |   243 |   251 |    14 ||   738
         Mace              |       |       |       |       |     4 ||     4
    Use: Scroll            |       |    17 |    10 |     2 |       ||    29
         Potion            |       |       |     4 |     2 |     1 ||     7
   Stab: Paralysed         |       |     2 |     2 |       |       ||     4
         Petrified         |       |       |     6 |       |       ||     6
         Petrifying        |       |       |     1 |       |       ||     1
         Distracted        |       |       |       |     6 |       ||     6
 Armour: Scale mail        |    63 |    59 |    47 |       |       ||   169
         Plate armour      |       |       |    27 |   123 |    21 ||   171
  Dodge: Dodged            |    63 |    55 |   115 |   133 |    22 ||   388
  Block: Buckler           |    36 |    56 |   150 |   163 |    15 ||   420
         Reflection        |       |     3 |     9 |     2 |       ||    14

Table legend: (Time is in decaauts)
 A = Elapsed time spent in this place.
 B = Non-inter-level travel time spent in this place.
 C = Inter-level travel time spent in this place.
 D = Time resting spent in this place.
 E = Time spent auto-exploring this place.
 F = Levels seen in this place.
 G = Mean time per level.
                   A        B        C        D        E       F      G
               +--------+--------+--------+--------+--------+-----+--------+
         Total |   9077 |   8793 |    284 |   1044 |   5497 |  14 |  648.4 |
       Dungeon |   7687 |   7403 |    284 |    647 |   4894 |  11 |  698.8 |
        Temple |    230 |    230 |      0 |      0 |    192 |   1 |  230.0 |
       Ossuary |    535 |    535 |      0 |      0 |    349 |   1 |  535.0 |
        Bailey |    624 |    624 |      0 |    397 |     62 |   1 |  624.0 |
               +--------+--------+--------+--------+--------+-----+--------+

Top non-repeatable levels by time:
    D:11: 1212 daAuts
     D:4: 1043 daAuts
     D:8: 851 daAuts
     D:3: 747 daAuts
     D:1: 734 daAuts
     D:7: 700 daAuts
     D:2: 679 daAuts
  Bailey: 624 daAuts
     D:5: 569 daAuts
     D:9: 563 daAuts
     D:6: 546 daAuts
 Ossuary: 535 daAuts
  Temple: 230 daAuts
    D:10: 38 daAuts
